 Dungeon Crawl Stone Soup version 0.17.1-1-g73c8601 (webtiles) character file.

217 Runnr the Covered (level 5, -1/34 HPs)
             Began as a Gargoyle Fighter on Jan 4, 2016.
             Was a Follower of Makhleb.
             Slain by Sigmund
             ... wielding a +0 scythe
              (5 damage)
             ... on level 4 of the Dungeon.
             The game lasted 00:06:38 (2820 turns).

Runnr the Covered (Gargoyle Fighter)                Turns: 2820, Time: 00:06:38

Health: -1/34      AC: 10    Str: 20    XL:     5   Next: 94%
Magic:  5/5        EV:  8    Int:  8    God:    Makhleb [*.....]
Gold:   235        SH:  9    Dex: 10    Spells: 0 memorised, 4 levels left

rFire  . . .     SeeInvis .     a - +0 war axe
rCold  . . .     Clarity  .     e - +2 leather armour {rN+}
rNeg   + + .     SustAt   +     c - +0 shield
rPois  ∞         Gourm    .     (no helmet)
rElec  +         Spirit   .     o - +0 cloak (curse)
rCorr  .         Warding  .     (no gloves)
rMut   .         Stasis   .     (no boots)
MR     .....                    (no amulet)
Stlth  +.........               (no ring)
                                k - ring of sustain attributes

@: not resistant to hostile enchantments, very unstealthy
A: negative energy resistance 1, electricity resistance, unbreathing,
petrification resistance, rot immunity, AC +4
a: Renounce Religion


You were on level 4 of the Dungeon.
You worshipped Makhleb.
Makhleb was aware of your devotion.
You were not hungry.

You visited 1 branch of the dungeon, and saw 4 of its levels.

You collected 235 gold pieces.

Inventory:

Hand Weapons
 a - a +0 war axe (weapon)
Armour
 b - a +0 scale mail
 c - a +0 shield (worn)
 e - a +2 leather armour of positive energy (worn)
 o - a cursed +0 cloak (worn)
Jewellery
 k - a ring of sustain attributes (left hand)
Scrolls
 g - a scroll of immolation {unknown}
 h - 2 scrolls of remove curse {unknown}
 i - 2 scrolls of enchant weapon {unknown}
 j - 2 scrolls of magic mapping {unknown}
 l - 2 scrolls of identify {unknown}
 m - a scroll of noise {unknown}
 n - a scroll of teleportation {unknown}
Potions
 d - a potion of might
 f - a potion of cancellation {unknown}
 p - a potion of haste {unknown}
 q - a potion of magic
 r - a potion of flight {unknown}
Comestibles
 E - 3 bread rations
 G - 3 beef jerkies
 H - a meat ration
 O - 2 slices of pizza


   Skills:
 + Level 4.4 Fighting
 + Level 3.2 Axes
 + Level 4.4 Armour
 + Level 4.3 Shields


You had 4 spell levels left.
You didn't know any spells.

Dungeon Overview and Level Annotations

Branches:
Dungeon (4/15)
 Temple: D:4-7

Altars:
Cheibriados
Fedhas
Gozag
Kikubaaqudgha
Makhleb

Annotations:
D:4 Sigmund


Innate Abilities, Weirdness & Mutations

You are resistant to torment.
Your stone body is resilient (AC +4).
You are immune to poison.
You resist negative energy.
You are resistant to electric shocks.
You can survive without breathing.
You are immune to petrification.
You are immune to rotting.


Message History

Your leather armour prevents you from hitting something.
You hit something but do no damage.
You hear some strange, mumbled words.
Something tries to affect you, but you resist.
Something hits you.
You miss something. Something hits you but does no damage.
You closely miss something. Something hits you.
* * * LOW HITPOINT WARNING * * *
You closely miss something.
Your shield and leather armour prevent you from hitting something.
Something completely misses you.
You barely miss something. Something hits you.
* * * LOW HITPOINT WARNING * * *
Drink which item? (? for menu, Esc to quit)
It was a potion of magic.
Magic courses through your body.
You hear some strange, mumbled words.
A puff of flame appears from out of thin air!
You block the puff of flame.
You closely miss something. Something hits you.
You die...

#.............#
#.###########.# ####.#
#.# #....# #.# #....# #.#
#....# #.#
#....###########.#
###########.##..........#
#.......# #.##@##########
#.......# #.##{#
#.......# #.##.#
###.......# #.##.#
..#.......# #.##.#
..#.......###.##.#
..+........>..##.#
..#.......######.#
.[#........#


There were no monsters in sight!

Vanquished Creatures
  2 vampire bats (D:2)
  A worker ant zombie (D:3)
  4 adders
  An ooze (D:1)
  A worm (D:2)
  6 giant geckos
  An orc (D:3)
  7 bats
  4 bat skeletons (D:2)
  A bat zombie (D:2)
  3 giant cockroaches
  12 goblins
  8 hobgoblins
  6 jackals
  A quokka (D:3)
  A ball python (D:2)
  5 giant newts
  6 kobolds
  5 rats
75 creatures vanquished.

Notes
Turn   | Place    | Note
--------------------------------------------------------------
     0 | D:1      | Runnr the Gargoyle Fighter began the quest for the Orb.
     0 | D:1      | Reached XP level 1. HP: 14/14 MP: 1/1
    60 | D:1      | Reached XP level 2. HP: 12/19 MP: 2/2
   425 | D:1      | Reached XP level 3. HP: 20/23 MP: 3/3
   840 | D:2      | Found a burning altar of Makhleb.
   855 | D:2      | Became a worshipper of Makhleb the Destroyer
  1051 | D:2      | Reached XP level 4. HP: 25/29 MP: 4/4
  1216 | D:2      | Found a snail-covered altar of Cheibriados.
  1377 | D:2      | Reached skill level 4 in Shields
  1380 | D:2      | Found an ancient bone altar of Kikubaaqudgha.
  1402 | D:2      | Reached * piety under Makhleb
  1402 | D:2      | Reached XP level 5. HP: 30/33 MP: 5/5
  2469 | D:3      | Found an opulent altar of Gozag.
  2470 | D:3      | Found a blossoming altar of Fedhas.
  2671 | D:4      | Noticed a phantom
  2797 | D:4      | Noticed Sigmund
  2820 | D:4      | Slain by Sigmund

Action                   |  1- 3 |  4- 6 || total
-------------------------+-------+-------++-------
Melee: War axe           |   115 |   167 ||   282
  Use: Potion            |       |     1 ||     1
  Eat: Chunk             |     1 |     6 ||     7
